 Dungeon Crawl Stone Soup version 0.22.0-16-gc6d26f6 (webtiles) character file.

4680 PoisonMushroom the Fencer (level 10, -5/70 HPs)
             Began as a Barachi Fighter on Aug 17, 2018.
             Was a Believer of Cheibriados.
             Killed by the air
             ... invoked by Gastronok
              (13 damage)
             ... on level 8 of the Dungeon on Aug 18, 2018.
             The game lasted 00:26:44 (9913 turns).

PoisonMushroom the Fencer (Barachi Fighter)         Turns: 9913, Time: 00:26:45

Health: -5/70      AC: 18    Str: 23    XL:     10   Next: 44%
Magic:  10/10      EV: 10    Int: 21    God:    Cheibriados [**....]
Gold:   341        SH:  0    Dex: 17    Spells: 9/9 levels left

rFire    . . .     SeeInvis .   L - +0 great sword
rCold    . . .     Gourm    .   (shield currently unavailable)
rNeg     . . .     Faith    +   J - +7 ring mail of Tender Moments {+Fly}
rPois    .         Spirit   .   (no helmet)
rElec    .         Reflect  .   D - +0 cloak
rCorr    .         Harm     .   y - +0 pair of gloves
MR       .....                  d - +0 pair of boots
Stlth    ++........             w - amulet of faith
HPRegen  0.21/turn              e - ring of stealth
MPRegen  0.12/turn              H - +5 ring of intelligence

@: can't hop, very slow
A: +LOS, swims, slowness 1, strong legs 1
a: Hop, Bend Time, Renounce Religion, Evoke Flight


You were on level 8 of the Dungeon.
You worshipped Cheibriados.
Cheibriados was pleased with you.
You were not hungry.

You visited 2 branches of the dungeon, and saw 9 of its levels.

You collected 367 gold pieces.
You spent 26 gold pieces at shops.

Inventory:

Hand Weapons
 a - a +0 long sword
 b - a +1 short sword of venom
 L - a +0 great sword (weapon)
Missiles
 i - 13 tomahawks (quivered)
Armour
 c - a +0 shield
 d - a +0 pair of boots (worn)
 y - a +0 pair of gloves (worn)
 D - a +0 cloak (worn)
 J - the +7 ring mail of Tender Moments (worn) {+Fly}
   (You found it on level 7 of the Dungeon)

   It lets you fly.
Jewellery
 e - a ring of stealth (left hand)
 w - an amulet of faith (around neck)
 H - a +5 ring of intelligence (right hand)
 M - an uncursed ring of positive energy {unknown}
Wands
 h - a wand of flame (14)
 j - a wand of scattershot (6)
 G - a wand of disintegration (3)
Scrolls
 l - 2 scrolls of noise {unknown}
 m - a scroll of magic mapping
 o - 6 scrolls of enchant armour {unknown}
 q - a scroll of blinking
 r - 3 scrolls of teleportation {unknown}
 t - a scroll of fear
 B - a scroll of fog {unknown}
 E - a scroll of amnesia {unknown}
 K - a scroll of identify
Potions
 k - 2 potions of lignification {unknown}
 n - 2 potions of mutation {unknown}
 p - a potion of degeneration {unknown}
 s - a potion of berserk rage {unknown}
 v - a potion of ambrosia {unknown}
 x - 4 potions of flight {unknown}
 z - 3 potions of experience {unknown}
 A - a potion of resistance {unknown}
 C - 2 potions of heal wounds {unknown}
 F - a potion of invisibility {unknown}
Comestibles
 f - 10 rations
 u - 2 chunks of flesh


   Skills:
 - Level 3.6 Fighting
 + Level 15.0 Long Blades
 + Level 9.3 Armour
 - Level 3.2 Shields


You had 9 spell levels left.
You didn't know any spells.
Your spell library contained the following spells:

 Spells                   Type           Power        Failure   Level  Hunger
 Apportation              Tloc           #.....       26%         1    ##.....
 Lightning Bolt           Conj/Air       #.........   100%        5    ######.
 Confuse                  Hex            #.......     61%         3    ####...
 Summon Small Mammal      Summ           #...         26%         1    ##.....
 Animate Skeleton         Necr           N/A          26%         1    ##.....
 Summon Ice Beast         Ice/Summ       #.......     95%         4    #####..
 Call Imp                 Summ           #.......     36%         2    ###....
 Shock                    Conj/Air       #...         26%         1    ##.....
 Swiftness                Chrm/Air       #.......     36%         2    ###....
 Airstrike                Air            #.........   95%         4    #####..
 Confusing Touch          Hex            #.....       26%         1    ##.....
 Call Canine Familiar     Summ           #.......     61%         3    ####...
 Metabolic Englaciation   Hex/Ice        #.........   100%        5    ######.
 Static Discharge         Conj/Air       #.......     61%         3    ####...
 Petrify                  Tmut/Erth      #.......     95%         4    #####..
 Summon Lightning Spire   Summ/Air       #.......     95%         4    #####..
 Summon Guardian Golem    Hex/Summ       #.......     61%         3    ####...
 Gell's Gravitas          Tloc           #.........   61%         3    ####...
 Yara's Violent Unravell  Hex/Tmut       #.........   100%        5    ######.


Dungeon Overview and Level Annotations

Branches:
Dungeon (8/15)             Temple (1/1) D:4
   Lair: D:8-11

Altars:
Ashenzari
Cheibriados
Dithmenos
Elyvilon
Fedhas
Gozag
Hepliaklqana
Kikubaaqudgha
Makhleb
Okawaru
Qazlal
Ru
Sif Muna
Trog
Uskayaw
Vehumet
Wu Jian
Xom
Yredelemnul
Zin
The Shining One

Shops:
D:6 ?   D:8 =

Annotations:
D:6 2 runed doors, Maimakterion's ghost, novice TeFi
D:7 exclusion: manticore
D:8 Gastronok


Innate Abilities, Weirdness & Mutations

Shadows flee at your approach. (+LOS)
You can swim through water.
You cover ground slowly.
You can hop short distances.


Message History

The rat bites you but does no damage. The rat bites you but does no damage.
You closely miss the rat. The rat completely misses you.
You riposte.
You barely miss the rat. You slice the rat!!
You kill the rat!
The rat's corpse disappears in a puff of smoke!
You slash the rat!
You kill the rat!
The rat's corpse disappears in a puff of smoke!
Gastronok waves his eye-stalks in wide circles.
The air twists around and strikes you!
* * * LOW HITPOINT WARNING * * *
You start resting.
Gastronok is too close now for your liking.
Your legs are too worn out to hop.
Gastronok's eyestalks quiver as he mumbles some strange words.
Gastronok waves his eye-stalks in wide circles.
The air twists around and strikes you!
You die...

##### ####w.r#########
## ###w..###...@....#
#.###..#### ########.#
##.....# #.# .....###
#.# .###.# #.# ######
########.# #.#.#
#...#.##.#
#.#.########..#.....#
##.............#...###


You could see Gastronok and a river rat.

Vanquished Creatures
  Psyche (D:8)
  A troll (D:6)
  Prince Ribbit (D:5)
  A hippogriff (D:7)
  A hornet (D:7)
  2 wyverns (D:8)
  A basilisk (D:8)
  Duvessa (D:6)
  An ice beast (D:6)
  An orc warrior (D:6)
  2 sky beasts
  3 phantoms
  An eye of draining (D:7)
  3 ogres
  2 crocodiles (D:8)
  3 bullfrogs
  Dowan (D:6)
  A scorpion (D:5)
  5 killer bees
  3 wights (D:6)
  2 howler monkeys (D:6)
  6 crimson imps
  A centaur zombie (D:5)
  A hound (D:4)
  2 orc priests
  A gnoll shaman (D:7)
  Crazy Yiuf (D:5)
  2 jellies
  A bullfrog skeleton (D:5)
  3 iguanas
  Natasha (thrice) (D:4)
  7 orc wizards
  4 worker ants
  A howler monkey skeleton (D:8)
  4 adders
  11 gnolls
  3 shadow imps
  An ooze (D:1)
  2 adder zombies (D:5)
  An adder skeleton (D:4)
  A worm (D:2)
  A dart slug (D:3)
  2 leopard geckos
  21 orcs
  2 ball pythons
  11 giant cockroaches
  3 goblins
  9 hobgoblins
  10 jackals
  10 kobolds
  4 quokkas
  15 bats
  5 frilled lizards
  A leopard gecko skeleton (D:5)
  2 quokka skeletons
  4 rats
193 creatures vanquished.

Notes
Turn   | Place    | Note
-------+----------+-------------------------------------------
     0 | D:1      | PoisonMushroom the Barachi Fighter began the quest for the Orb.
     0 | D:1      | Reached XP level 1. HP: 18/18 MP: 1/1
   169 | D:1      | Reached skill level 3 in Long Blades
   181 | D:1      | Reached XP level 2. HP: 24/24 MP: 2/2
   496 | D:1      | Reached skill level 4 in Long Blades
   619 | D:1      | Reached XP level 3. HP: 27/29 MP: 3/3
  1216 | D:2      | Reached skill level 5 in Long Blades
  1216 | D:2      | Reached XP level 4. HP: 14/36 MP: 4/4
  1639 | D:2      | Reached skill level 6 in Long Blades
  1734 | D:2      | Reached XP level 5. HP: 41/41 MP: 5/5
  2953 | D:3      | Reached skill level 7 in Long Blades
  3324 | D:3      | Reached XP level 6. HP: 47/47 MP: 6/6
  3813 | D:4      | Noticed Natasha
  3824 | D:4      | Killed Natasha
  3824 | D:4      | Reached skill level 8 in Long Blades
  3862 | D:4      | Found a staircase to the Ecumenical Temple.
  3872 | Temple   | Entered the Ecumenical Temple
  4073 | D:4      | Noticed Natasha
  4083 | D:4      | Killed Natasha
  4139 | D:4      | Noticed Natasha
  4147 | D:4      | Killed Natasha
  4208 | D:4      | Found a burning altar of Makhleb.
  4209 | D:4      | Found a radiant altar of Vehumet.
  4262 | D:5      | Entered Level 5 of the Dungeon
  4468 | D:5      | Reached skill level 9 in Long Blades
  4468 | D:5      | Reached XP level 7. HP: 44/52 MP: 7/7
  4721 | D:5      | Found a runed door.
  4725 | D:5      | Noticed Crazy Yiuf
  4739 | D:5      | Killed Crazy Yiuf
  5045 | D:5      | Reached skill level 10 in Long Blades
  5404 | D:6      | Reached XP level 8. HP: 48/59 MP: 8/8
  5655 | D:6      | Found a large runed door.
  5672 | D:6      | Reached skill level 11 in Long Blades
  5675 | D:6      | Noticed Maimakterion's ghost (novice TeFi)
  5676 | D:6      | Found a large runed door.
  5768 | D:6      | Noticed a troll
  5781 | D:6      | Killed a troll
  6081 | D:6      | Found Beomek's Magic Scroll Emporium.
  6084 | D:6      | Bought a scroll of identify for 26 gold pieces
  6126 | D:6      | Noticed Duvessa
  6126 | D:6      | Noticed Dowan
  6153 | D:6      | Killed Duvessa
  6153 | D:6      | Reached skill level 12 in Long Blades
  6174 | D:6      | Killed Dowan
  6308 | D:6      | Reached skill level 13 in Long Blades
  6308 | D:6      | Reached XP level 9. HP: 57/64 MP: 9/9
  6431 | D:6      | Got a crystal spear
  6432 | D:6      | Identified the cursed +1 spear of the Fox {pierce, rElec rF+++ rC- SInv} (You found it on level 6 of the Dungeon)
  6443 | D:6      | Found a snail-covered altar of Cheibriados.
  6443 | D:6      | Found a hide-covered altar of Uskayaw.
  6446 | D:6      | Became a worshipper of Cheibriados the Contemplative
  6891 | D:5      | Noticed Prince Ribbit
  6908 | D:5      | Killed Prince Ribbit
  6962 | D:5      | Reached skill level 14 in Long Blades
  7387 | D:7      | Reached skill level 5 in Armour
  7408 | D:7      | Found a blossoming altar of Fedhas.
  7467 | D:7      | Got a bloodstained ring mail
  7478 | D:7      | Identified the +7 ring mail of Tender Moments {+Fly} (You found it on level 7 of the Dungeon)
  7619 | D:7      | Reached * piety under Cheibriados
  7919 | D:7      | Noticed a hornet
  7978 | D:7      | Killed a hornet
  7978 | D:7      | Reached XP level 10. HP: 45/70 MP: 6/10
  8351 | D:7      | Noticed a manticore
  8640 | D:8      | Found a hazy altar of Hepliaklqana.
  8645 | D:8      | Noticed Psyche
  8831 | D:8      | Killed Psyche
  9051 | D:8      | Reached ** piety under Cheibriados
  9379 | D:8      | Found Munom's Jewellery Boutique.
  9863 | D:8      | Noticed Gastronok
  9880 | D:8      | Reached skill level 15 in Long Blades
  9913 | D:8      | Killed from afar by Gastronok

Skill      XL: |  1  2  3  4  5  6  7  8  9 10 |
---------------+-------------------------------+-----
Long Blades    | 3 4 5 6 7 9 10 13 14 15 | 15.0
Armour         | 7 9 |  9.3
Fighting       | |  3.6
Shields        | |  3.2

Action                   |  1- 3 |  4- 6 |  7- 9 | 10-12 || total
-------------------------+-------+-------+-------+-------++-------
Melee: Long sword        |   119 |    15 |   150 |       ||   284
       Short sword       |       |   242 |   244 |       ||   486
       Great sword       |       |       |    24 |   118 ||   142
Throw: Tomahawk          |       |       |     2 |       ||     2
 Abil: Hop               |     1 |     3 |     3 |     3 ||    10
Evoke: Wand              |       |       |       |    14 ||    14
  Use: Potion            |     1 |     2 |     3 |     5 ||    11
       Scroll            |       |       |     6 |       ||     6
  Eat: Chunk             |     2 |    10 |    10 |     3 ||    25
       Ration            |       |       |     1 |       ||     1
Armor: Scale mail        |    53 |    92 |       |       ||   145
       Plate armour      |       |    26 |   144 |       ||   170
       Ring mail         |       |       |    25 |    70 ||    95
Dodge: Dodged            |    44 |    73 |    55 |    63 ||   235
Block: Shield            |    63 |   133 |   166 |       ||   362
       Rpst.: Long sword |    12 |       |     6 |       ||    18
       Great sword       |       |       |     7 |    21 ||    28
